PUBAA
TERRY'S BATS @ OCEAN CITY SAILORS
04/14/1972
 
TOP OF THE 1ST
Terry's Bats batting - Pitching for Ocean City Sailors : RHP Ric Godwin
Pitching: RHP Ric Godwin
Batting: LHB Jim Davis 0-0: Foul Ball, location: 2F
0-1: Ball
1-1: Ball
2-1: Bunt for hit to 3S - play at first, batter safe!
Batting: RHB Rich Severson 0-0: Ball
1-0: Ball
2-0: Ball
3-0: Called Strike
3-1: Fly out, F8 (Flyball, 8RD, EV 84.4 MPH)
Batting: LHB Sancho Deleón 0-0: Called Strike
0-1: Ball
Jim Davis steals 2nd base
1-1: Ball
2-1: Called Strike
Jim Davis steals 3rd base (no throw)
2-2: Foul Ball, location: 7LSF
2-2: Foul Ball, location: 7LSF
2-2: Ball
3-2: DOUBLE (Flyball, 78XD, EV 113.1 MPH)
Jim Davis scores
Batting: RHB William Williams 0-0: SINGLE (Line Drive, 7LS, EV 98.8 MPH)
Sancho Deleón to third
Batting: LHB Sabeeh Abdul-Nasir 0-0: Ball
Wild Pitch!
Sancho Deleón scores
William Williams to second
1-0: DOUBLE (Flyball, 8LXD, EV 106.9 MPH)
William Williams scores
Batting: RHB Jon Compton 0-0: Ball
1-0: Called Strike
1-1: Swinging Strike
1-2: Ball
2-2: Foul Ball, location: 2F
2-2: Foul Ball, location: 5F
2-2: Strikes out swinging
Batting: LHB Dave Wilson 0-0: Called Strike
0-1: Swinging Strike
0-2: SINGLE (Line Drive, 8LS, EV 105.0 MPH)
Sabeeh Abdul-Nasir to third
Runner from 3rd tries for Home, SAFE, throw by CF to home
Batting: SHB Darrel Chaney 0-0: Foul Ball, location: 23F
0-1: Ball
1-1: Ball
2-1: Ball
Dave Wilson steals 2nd base
3-1: Base on Balls
Batting: RHB Ron Cey 0-0: Ball
1-0: Foul Ball, location: 9LSFF
1-1: Ball
2-1: Ball
3-1: Base on Balls
Dave Wilson to third
Darrel Chaney to second
Batting: LHB Jim Davis 0-0: Swinging Strike
0-1: Called Strike
0-2: Ground out 4-3 (Groundball, 4, EV 81.3 MPH)
Top of the 1st over - 4 runs, 5 hits, 0 errors, 3 left on base; Terry's 4 - Ocean City 0
BOTTOM OF THE 1ST
Ocean City Sailors batting - Pitching for Terry's Bats : RHP Donald McGee
Pitching: RHP Donald McGee
Batting: RHB Henry Riley 0-0: SINGLE (Groundball, 34D, EV 97.5 MPH)
Batting: SHB Elmer Preston 0-0: Called Strike
Henry Riley is caught stealing 2nd base 2-6
0-1: Foul Ball, location: 9LSF
0-2: Ground out 4-3 (Groundball, 4, EV 105.6 MPH)
Batting: LHB Stanton Dobson 0-0: Ball
1-0: SINGLE (Groundball, 5S, EV 70.0 MPH) (infield hit)
Batting: RHB Rich McKinney 0-0: Ball
1-0: Fielders Choice at 2nd, 5-4 (Groundball, 5L, EV 83.8 MPH)
Bottom of the 1st over - 0 runs, 2 hits, 0 errors, 1 left on base; Terry's 4 - Ocean City 0
TOP OF THE 2ND
Terry's Bats batting - Pitching for Ocean City Sailors : RHP Ric Godwin
Batting: RHB Rich Severson 0-0: Ball
1-0: Foul Ball, location: 9LSF
1-1: Ball
2-1: Ball
3-1: Called Strike
3-2: Base on Balls
Batting: LHB Sancho Deleón 0-0: Ball
1-0: Swinging Strike
1-1: Called Strike
1-2: Strikes out swinging
Batting: RHB William Williams 0-0: Ball
1-0: Called Strike
1-1: Ball
2-1: Foul Ball, location: 9LMF
2-2: Strikes out swinging
Batting: LHB Sabeeh Abdul-Nasir 0-0: SINGLE (Line Drive, 5D, EV 95.0 MPH)
Rich Severson to second
Batting: RHB Jon Compton 0-0: Ball
1-0: Swinging Strike
1-1: Foul Ball, location: 23FF
1-2: Ground out 5-3 (Groundball, 56S, EV 93.1 MPH)
Top of the 2nd over - 0 runs, 1 hit, 0 errors, 2 left on base; Terry's 4 - Ocean City 0
BOTTOM OF THE 2ND
Ocean City Sailors batting - Pitching for Terry's Bats : RHP Donald McGee
Batting: RHB António Uribe 0-0: Ball
1-0: Ground out 4-3 (Groundball, 4, EV 88.8 MPH)
Batting: RHB Bryan Williams 0-0: Ball
1-0: Called Strike
1-1: Ball
2-1: SINGLE (Groundball, 34D, EV 95.0 MPH)
Batting: RHB Ángelo Pérez 0-0: Ball
1-0: Ball
2-0: Foul Ball, location: 9LDF
2-1: Fly out, F3 (Popup, 3S, EV 89.4 MPH)
Batting: RHB Tom Ragland 0-0: Foul Ball, location: 23F
0-1: Swinging Strike
0-2: Strikes out looking
Bottom of the 2nd over - 0 runs, 1 hit, 0 errors, 1 left on base; Terry's 4 - Ocean City 0
TOP OF THE 3RD
Terry's Bats batting - Pitching for Ocean City Sailors : RHP Ric Godwin
Batting: LHB Dave Wilson 0-0: Called Strike
0-1: Ball
1-1: Called Strike
1-2: Ball
2-2: Ball
3-2: Base on Balls
Batting: SHB Darrel Chaney 0-0: Called Strike
0-1: Fly out, F3 (Line Drive, 3, EV 71.3 MPH)
Batting: RHB Ron Cey 0-0: Swinging Strike
0-1: Called Strike
0-2: Ball
1-2: Foul Ball, location: 2F
1-2: Fly out, F4 (Popup, 4, EV 50.6 MPH)
Batting: LHB Jim Davis 0-0: Called Strike
Dave Wilson steals 2nd base
0-1: DOUBLE (Flyball, 8LXD, EV 110.6 MPH)
Dave Wilson scores
Pitching: RHP Ernest Owens
Batting: RHB Rich Severson 0-0: Foul Ball, location: 3F
0-1: Ground out U3 (Groundball, 3L, EV 98.8 MPH)
Top of the 3rd over - 1 run, 1 hit, 0 errors, 1 left on base; Terry's 5 - Ocean City 0
BOTTOM OF THE 3RD
Ocean City Sailors batting - Pitching for Terry's Bats : RHP Donald McGee
Batting: SHB Artie Herrera 0-0: Ball
1-0: Fly out, F7 (Line Drive, 78D, EV 109.4 MPH)
Batting: RHB Henry Riley 0-0: Called Strike
0-1: Ball
1-1: Called Strike
1-2: Foul Ball, location: 9LMF
1-2: Strikes out swinging
Batting: SHB Elmer Preston 0-0: Ground out 6-3 (Groundball, 6, EV 88.1 MPH)
Bottom of the 3rd over - 0 runs, 0 hits, 0 errors, 0 left on base; Terry's 5 - Ocean City 0
TOP OF THE 4TH
Terry's Bats batting - Pitching for Ocean City Sailors : RHP Ernest Owens
Batting: LHB Sancho Deleón 0-0: Ball
1-0: Fly out, F8 (Flyball, 8RD, EV 98.8 MPH)
Batting: RHB William Williams 0-0: SINGLE (Groundball, 6, EV 105.0 MPH) (infield hit)
Batting: LHB Sabeeh Abdul-Nasir 0-0: Fly out, F8 (Flyball, 8LM, EV 88.8 MPH)
Batting: RHB Jon Compton 0-0: Ball
1-0: Foul Ball, location: 9LMF
1-1: Foul Ball, location: 3FF
1-2: Ball
2-2: Strikes out looking
Top of the 4th over - 0 runs, 1 hit, 0 errors, 1 left on base; Terry's 5 - Ocean City 0
BOTTOM OF THE 4TH
Ocean City Sailors batting - Pitching for Terry's Bats : RHP Donald McGee
Batting: LHB Stanton Dobson 0-0: Ball
1-0: Swinging Strike
1-1: Called Strike
1-2: Foul Ball, location: 2F
1-2: Strikes out swinging
Batting: RHB Rich McKinney 0-0: Ground out 6-3 (Groundball, 6, EV 84.4 MPH)
Batting: RHB António Uribe 0-0: Ball
1-0: Ball
2-0: Foul Ball, location: 3F
2-1: Foul Ball, location: 9LDF
2-2: Ball
3-2: Strikes out swinging, 2-3 out at first.
Bottom of the 4th over - 0 runs, 0 hits, 0 errors, 0 left on base; Terry's 5 - Ocean City 0
TOP OF THE 5TH
Terry's Bats batting - Pitching for Ocean City Sailors : RHP Ernest Owens
Batting: LHB Dave Wilson 0-0: Called Strike
0-1: Ground out 4-3 (Groundball, 4S, EV 85.6 MPH)
Now at 2B: Tom Ragland
Now at SS: Artie Herrera
Now in CF: Roger Walker
Batting: SHB Darrel Chaney 0-0: Ball
1-0: Ground out 4-3 (Groundball, 4, EV 81.3 MPH)
Batting: RHB Ron Cey 0-0: Ball
1-0: Ground out U3 (Groundball, 34S, EV 70.6 MPH)
Top of the 5th over - 0 runs, 0 hits, 0 errors, 0 left on base; Terry's 5 - Ocean City 0
BOTTOM OF THE 5TH
Ocean City Sailors batting - Pitching for Terry's Bats : RHP Donald McGee
Batting: RHB Bryan Williams 0-0: Called Strike
0-1: Fly out, F7 (Flyball, 7S, EV 74.4 MPH)
Batting: RHB Ángelo Pérez 0-0: Foul Ball, location: 2F
0-1: Ball
1-1: Foul Ball, location: 9LSF
1-2: Ball
2-2: Ground out 4-3 (Groundball, 4, EV 81.9 MPH)
Batting: RHB Tom Ragland 0-0: Called Strike
0-1: SINGLE (Groundball, 4MD, EV 95.6 MPH)
Batting: SHB Artie Herrera 0-0: Fly out, F7 (Flyball, 7D, EV 108.1 MPH)
Bottom of the 5th over - 0 runs, 1 hit, 0 errors, 1 left on base; Terry's 5 - Ocean City 0
TOP OF THE 6TH
Terry's Bats batting - Pitching for Ocean City Sailors : RHP Ernest Owens
Batting: LHB Jim Davis 0-0: Ground out 5-3 (Groundball, 5, EV 78.8 MPH)
Batting: RHB Rich Severson 0-0: Called Strike
0-1: Ball
1-1: Ball
2-1: Foul Ball, location: 5DF
2-2: Strikes out swinging
Batting: LHB Sancho Deleón 0-0: Foul Ball, location: 5F
0-1: Foul Ball, location: 25FF
0-2: Foul Ball, location: 2F
0-2: Strikes out swinging
Top of the 6th over - 0 runs, 0 hits, 0 errors, 0 left on base; Terry's 5 - Ocean City 0
BOTTOM OF THE 6TH
Ocean City Sailors batting - Pitching for Terry's Bats : RHP Donald McGee
Batting: RHB Henry Riley 0-0: Called Strike
0-1: Foul Ball, location: 9LSF
0-2: Ball
1-2: Ball
2-2: Fly out, F8 (Line Drive, 8LM, EV 93.1 MPH)
Batting: SHB Elmer Preston 0-0: Swinging Strike
0-1: Foul Ball, location: 7LMF
0-2: Ball
1-2: Ground out 6-3 (Groundball, 56, EV 108.1 MPH)
Batting: LHB Stanton Dobson 0-0: Foul Ball, location: 9LSF
0-1: DOUBLE (Line Drive, 7LS, EV 89.4 MPH)
Batting: RHB Roger Walker 0-0: Ball
1-0: Swinging Strike
1-1: Ball
2-1: Foul Ball, location: 2F
2-2: Foul Ball, location: 2F
2-2: Ball
3-2: Base on Balls
Batting: RHB António Uribe 0-0: Ball
1-0: Swinging Strike
1-1: Fly out, F7 (Flyball, 7, EV 90.0 MPH)
Bottom of the 6th over - 0 runs, 1 hit, 0 errors, 2 left on base; Terry's 5 - Ocean City 0
TOP OF THE 7TH
Terry's Bats batting - Pitching for Ocean City Sailors : RHP Ernest Owens
Batting: RHB William Williams 0-0: Ball
1-0: Called Strike
1-1: Swinging Strike
1-2: Strikes out looking
Batting: LHB Sabeeh Abdul-Nasir 0-0: Swinging Strike
0-1: Ball
1-1: Foul Ball, location: 5F
1-2: Foul Ball, location: 2LF
1-2: Ball
2-2: Ball
3-2: Ground out 6-3 (Groundball, 6, EV 89.4 MPH)
Batting: RHB Jon Compton 0-0: Foul Ball, location: 7LSF, Error on foul ball, E7
0-1: Ball
1-1: Called Strike
1-2: Fly out, F9 (Flyball, 9D, EV 91.3 MPH)
Top of the 7th over - 0 runs, 0 hits, 1 error, 0 left on base; Terry's 5 - Ocean City 0
BOTTOM OF THE 7TH
Ocean City Sailors batting - Pitching for Terry's Bats : RHP Donald McGee
Batting: RHB Bryan Williams 0-0: Called Strike
0-1: Ball
1-1: Ball
2-1: DOUBLE (Groundball, 5L, EV 103.8 MPH)
Batting: RHB Ángelo Pérez 0-0: Ball
1-0: Foul Ball, location: 9LSF
1-1: Fly out, F9 (Flyball, 89M, EV 108.1 MPH)
Batting: RHB Tom Ragland 0-0: Foul Ball, location: 3FF
0-1: Ball
1-1: Foul Ball, location: 9LMF
1-2: Foul Ball, location: 25F
1-2: SINGLE (Groundball, 15S, EV 71.3 MPH) (infield hit)
Bryan Williams to third
Batting: SHB Artie Herrera 0-0: Ball
1-0: Swinging Strike
1-1: SINGLE (Groundball, 34D, EV 96.9 MPH)
Bryan Williams scores
Tom Ragland to second
Runner from 2nd tries for 3rd, SAFE, throw by RF made to third
Batting: RHB Henry Riley 0-0: Called Strike
Artie Herrera steals 2nd base
0-1: Reached on error, E3 (Groundball, 34S, EV 79.4 MPH)
Tom Ragland scores
Batting: SHB Elmer Preston 0-0: Grounds into double play, 4-6-3 (Groundball, 4, EV 105.0 MPH)
Bottom of the 7th over - 2 runs, 3 hits, 1 error, 1 left on base; Terry's 5 - Ocean City 2
TOP OF THE 8TH
Terry's Bats batting - Pitching for Ocean City Sailors : RHP Ernest Owens
Batting: LHB Dave Wilson 0-0: Ball
1-0: Foul Ball, location: 2F
1-1: Ball
2-1: Ball
3-1: Swinging Strike
3-2: Foul Ball, location: 5F
3-2: Strikes out looking
Batting: SHB Darrel Chaney 0-0: Foul Ball, location: 2F
0-1: Foul Ball, location: 25F
0-2: Ball
1-2: Strikes out swinging
Pitching: RHP Buzz Capra
Batting: RHB Ron Cey 0-0: Foul Ball, location: 5F
0-1: Ball
1-1: SINGLE (Line Drive, 3D, EV 99.4 MPH)
Batting: LHB Jim Davis 0-0: Ball
1-0: Ball
2-0: Ball
3-0: Base on Balls
Ron Cey to second
Batting: RHB Rich Severson 0-0: Ball
1-0: Ball
2-0: SINGLE (Line Drive, 89S, EV 105.0 MPH)
Ron Cey to third
Jim Davis to second
Throwing error, E8
Ron Cey scores
Jim Davis to third
Rich Severson to second
Batting: LHB Sancho Deleón 0-0: Ball
1-0: Called Strike
1-1: Ground out 3-1 (Groundball, 34S, EV 108.8 MPH)
Top of the 8th over - 1 run, 2 hits, 1 error, 2 left on base; Terry's 6 - Ocean City 2
BOTTOM OF THE 8TH
Ocean City Sailors batting - Pitching for Terry's Bats : RHP Donald McGee
Batting: LHB Stanton Dobson 0-0: Swinging Strike
0-1: Ball
1-1: Foul Ball, location: 7LSF
1-2: SINGLE (Groundball, 4MD, EV 105.0 MPH)
Batting: RHB Roger Walker 0-0: Ball
1-0: Swinging Strike
1-1: Hit by Pitch
Stanton Dobson to second
Batting: RHB António Uribe 0-0: Ball
1-0: Called Strike
1-1: SINGLE (Line Drive, 6M, EV 105.0 MPH)
Stanton Dobson to third
Roger Walker to second
Pinch Hitting: RHB Insung Kim 0-0: Called Strike
0-1: Foul Ball, location: 3DF
0-2: Ball
Wild Pitch!
Stanton Dobson scores
Roger Walker to third
António Uribe to second
1-2: Strikes out swinging
Batting: RHB Ángelo Pérez 0-0: Called Strike
0-1: Ball
1-1: Ball
2-1: Called Strike
2-2: Ball
3-2: Fly out, F7 (Flyball, 7LMF, EV 80.6 MPH)
Runner from 3rd tags up, SCORES, throw by LF
Batting: RHB Tom Ragland 0-0: Ball
1-0: Called Strike
1-1: Ground out 4-3 (Groundball, 4, EV 85.0 MPH)
Bottom of the 8th over - 2 runs, 2 hits, 0 errors, 1 left on base; Terry's 6 - Ocean City 4
TOP OF THE 9TH
Terry's Bats batting - Pitching for Ocean City Sailors : RHP Buzz Capra
Now in LF: Insung Kim
Batting: RHB William Williams 0-0: Ball
1-0: Fly out, F9 (Flyball, 9LM, EV 109.4 MPH)
Batting: LHB Sabeeh Abdul-Nasir 0-0: SOLO HOME RUN (Flyball, 89XD, EV 99.4 MPH), Distance : 411 ft
Batting: RHB Jon Compton 0-0: Ball
1-0: Foul Ball, location: 2F
1-1: Swinging Strike
1-2: Fly out, F8 (Flyball, 8RS, EV 94.4 MPH)
Batting: LHB Dave Wilson 0-0: Called Strike
0-1: Ball
1-1: Ball
2-1: Called Strike
2-2: Fly out, F4 (Line Drive, 4, EV 70.6 MPH)
Top of the 9th over - 1 run, 1 hit, 0 errors, 0 left on base; Terry's 7 - Ocean City 4
BOTTOM OF THE 9TH
Ocean City Sailors batting - Pitching for Terry's Bats : RHP Donald McGee
Batting: SHB Artie Herrera 0-0: Fly out, F9 (Flyball, 89M, EV 85.6 MPH)
Pinch Hitting: SHB Chester Roberts 0-0: Ball
1-0: Foul Ball, location: 2F
1-1: Ball
2-1: Ball
3-1: DOUBLE (Flyball, 9LD, EV 97.5 MPH)
Batting: SHB Elmer Preston 0-0: Called Strike
0-1: Ball
1-1: Ground out 4-3 (Groundball, 4, EV 106.3 MPH)
Chester Roberts to third
Batting: LHB Stanton Dobson 0-0: Ball
1-0: Foul Ball, location: 2F
1-1: Ground out 4-3 (Groundball, 34D, EV 101.9 MPH)
Bottom of the 9th over - 0 runs, 1 hit, 0 errors, 1 left on base; Terry's 7 - Ocean City 4
Monday, February 26th , 2024 - OOTP Baseball 24.8 Build 75